 Dungeon Crawl Stone Soup version 0.28-a0-983-g1de4e0787c (webtiles) character file.

Game seed: 2987015564685279741

47 Anon1729 the Poker (level 3, 0/30 HPs)
             Began as a Merfolk Monk on Dec 2, 2021.
             Was a Believer of Wu Jian.
             Slain by a black bear (3 damage)
             ... on level 3 of the Dungeon.
             The game lasted 00:02:28 (2691 turns).

Anon1729 the Poker (Merfolk Monk)                   Turns: 2691, Time: 00:02:29

Health: 0/30       AC:  2    Str: 13    XL:     3   Next: 70%
Magic:  12/12      EV: 14    Int:  9    God:    Wu Jian [**....]
Gold:   139        SH:  0    Dex: 16    Spells: 2/2 levels left

rFire   . . .      SeeInvis .   a - +0 spear
rCold   . . .      Faith    .   (no shield)
rNeg    . . .      Spirit   .   b - +0 robe
rPois   .          Reflect  .   (no helmet)
rElec   .          Harm     .   (no cloak)
rCorr   .          Rampage  .   (no gloves)
Will    .....                   (no boots)
Stlth   ++........              (no amulet)
HPRegen 0.10/turn               h - ring of magical power
MPRegen 0.13/turn               (no ring)

@: no status effects
A: (nimble swimmer 2), mertail
a: Renounce Religion, Wall Jump


You were on level 3 of the Dungeon.
You worshipped Wu Jian.
Wu Jian was pleased with you.
You visited 1 branch of the dungeon, and saw 3 of its levels.

You collected 139 gold pieces.

Inventory:

Hand Weapons
 a - a +0 spear (weapon)
Missiles
 d - 29 poisoned darts (quivered)
Armour
 b - a +0 robe (worn)
Jewellery
 h - a ring of magical power (left hand)
Scrolls
 c - a scroll of brand weapon {unknown}
 e - a scroll of fear {unknown}
 f - a scroll of magic mapping {unknown}
 i - 2 scrolls of amnesia {unknown}
Potions
 g - a potion of invisibility {unknown}
 j - a potion of heal wounds {unknown}
 k - 2 potions of brilliance {unknown}


   Skills:
 + Level 3.9 Fighting
 + Level 5.0 Polearms
 + Level 4.5 Dodging
 + Level 3.0 Stealth


You had 2 spell levels left.
You didn't know any spells.
Your spell library was empty.

Dungeon Overview and Level Annotations

Branches:
Dungeon (3/15)

Altars:
Wu Jian

Annotations:
D:3 3 runed translucent doors, tilp's ghost, amateur FeIE


Innate Abilities, Weirdness & Mutations

((You are quick and stealthy near water. (Stealth+, EV+, Speed+++)))
Your lower body shifts to a powerful aquatic tail in water.


Message History

You reach to attack!
You hit the kobold but do no damage.
You reach to attack!
You hit the kobold.
You kill the kobold!
The Council accepts your kill.
Your Stealth skill increases to level 3!
Things that are here:
a +0 dagger; 4 stones
Found 5 gold pieces.
The black bear growls angrily.
Things that are here:
a +0 dagger; 4 stones
There is a stone staircase leading up here.
There is a stone staircase leading up here.
You spin and attack the black bear repeatedly.
You hit the black bear but do no damage.
You hit the black bear.
The black bear is lightly wounded.
The black bear barely misses you. x2; The black bear claws you.
You hit the black bear.
The black bear is lightly wounded.
The black bear bites you but does no damage.
The black bear claws you. The black bear closely misses you.
You barely miss the black bear.
The black bear is lightly wounded.
The black bear bites you. The black bear claws you. x2
You closely miss the black bear.
The black bear is lightly wounded.
The black bear bites you.
The black bear claws you but does no damage.
The black bear barely misses you.
You hit the black bear.
The black bear is moderately wounded.
There is a stone staircase leading up here.
You spin and attack the black bear.
You completely miss the black bear.
The black bear is moderately wounded.
The black bear barely misses you. The black bear claws you. x2
The black bear bites you!
* * * LOW HITPOINT WARNING * * *
The black bear claws you.
You die...

####........### ..$...
#.<###...#
.....###..###...###.. #
....+................
#.#...###..............
#.....+.....##.######.#
#....###...##.# .
##....###..h##.######..
#.......)...@..........
#..######...##.######.#
..................
..................#
######..##.######## ###
###..##.########. ...
................. ...
#########..........##
###.#
#..#.#..#.##..####.##.


You could see a black bear.

Vanquished Creatures
  3 dart slugs
  7 bats
  3 endoplasms
  A giant cockroach (D:1)
  4 goblins
  2 hobgoblins (D:2)
  4 quokkas (D:1)
  4 ball pythons (D:1)
  A frilled lizard (D:2)
  6 kobolds
  5 rats (D:1)
40 creatures vanquished.

Notes
Turn   | Place    | Note
-------+----------+-------------------------------------------
     0 | D:1      | Anon1729 the Merfolk Monk began the quest for the Orb.
     0 | D:1      | Reached XP level 1. HP: 18/18 MP: 1/1
   124 | D:1      | Reached XP level 2. HP: 21/24 MP: 2/2
   941 | D:1      | Reached XP level 3. HP: 28/30 MP: 3/3
  1124 | D:1      | Found a faded altar of an unknown god.
  1156 | D:1      | Prayed at the altar of an unknown god.
  1156 | D:1      | Became a worshipper of the Wu Jian Council
  1156 | D:1      | Reached * piety under Wu Jian
  1156 | D:1      | Reached ** piety under Wu Jian
  1955 | D:2      | Reached skill level 5 in Polearms
  2599 | D:3      | Found a runed translucent gate.
  2599 | D:3      | Found a runed translucent gate.
  2599 | D:3      | Found a runed translucent gate.
  2599 | D:3      | Noticed tilp's ghost (amateur FeIE)
  2638 | D:3      | Noticed a black bear
  2691 | D:3      | Slain by a black bear

Illustrated notes

Levels and vault maps discovered:
D:1:      elethiomel_arrival_maze, layout_loops_ring,
          shapermc_ecumenical_altar_pompeii, kennysheep_small_spiral
D:2:      layout_loops_ring, chequers_jeans, minmay_goblin_kobold_house
D:3:      layout_basic, gammafunk_ghost_necromancy, minmay_lizard_king,
          uniq_terence, uniq_robin

Skill      XL: |  1  2  3 |
---------------+----------+-----
Polearms       | 5 |  5.0
Stealth        | 3 |  3.0
Fighting       | |  3.9
Dodging        | |  4.5

Action                   || total
-------------------------++-------
Melee: Spear             ||   150
Invok: Whirlwind         ||     2
 Stab: Sleeping          ||    10
Armor: Robe              ||    21
Dodge: Dodged            ||    70

Table legend: (Time is in decaauts)
 A = Elapsed time spent in this place.
 B = Non-inter-level travel time spent in this place.
 C = Inter-level travel time spent in this place.
 D = Time resting spent in this place.
 E = Time spent auto-exploring this place.
 F = Levels seen in this place.
 G = Mean time per level.
                   A        B        C        D        E       F      G
               +--------+--------+--------+--------+--------+-----+--------+
         Total |   2668 |   2576 |     92 |    160 |   2074 |   3 |  889.3 |
       Dungeon |   2668 |   2576 |     92 |    160 |   2074 |   3 |  889.3 |
               +--------+--------+--------+--------+--------+-----+--------+

Top non-repeatable levels by time:
     D:1: 1596 daAuts
     D:2: 952 daAuts
     D:3: 120 daAuts
